SL
TOLEDO TITANS @ NORTHERN VIRGINIA RETRIEVERS
07/31/2022
 
TOP OF THE 1ST
Toledo Titans batting - Pitching for Northern Virginia Retrievers : RHP Henry Hall
Pitching: RHP Henry Hall
Batting: RHB Anthony Johnston 0-0: Ball
1-0: Called Strike
1-1: Ball
2-1: Ground out 5-3 (Groundball, 56)
Batting: LHB Tony Dyer 0-0: SINGLE (Line Drive, 4)
Batting: LHB Roberto Rodríguez 0-0: Called Strike
0-1: Ball
1-1: SINGLE (Line Drive, 9S)
Tony Dyer to second
Batting: LHB Yannick Hendriksen 0-0: Foul Ball, location: 2F
0-1: Fly out, F6 (Popup, 6MD)
Batting: RHB Kade Knowles 0-0: Called Strike
0-1: Swinging Strike
0-2: Strikes out swinging
Top of the 1st over - 0 run(s), 2 hit(s), 0 error(s), 2 left on base; Toledo 0 - Northern Virginia 0
BOTTOM OF THE 1ST
Northern Virginia Retrievers batting - Pitching for Toledo Titans : LHP Jeff Hale
Pitching: LHP Jeff Hale
Batting: RHB Matt Brown 0-0: Ground out 6-3 (Groundball, 6)
Batting: RHB Bob Heller 0-0: Ball
1-0: Fly out, F7 (Flyball, 78D)
Batting: SHB Ramiro Salazar 0-0: Swinging Strike
0-1: Ball
1-1: Called Strike
1-2: Fly out, F6 (Line Drive, 6)
Bottom of the 1st over - 0 run(s), 0 hit(s), 0 error(s), 0 left on base; Toledo 0 - Northern Virginia 0
TOP OF THE 2ND
Toledo Titans batting - Pitching for Northern Virginia Retrievers : RHP Henry Hall
Batting: LHB Ismael Cabrera 0-0: Swinging Strike
0-1: SINGLE (Groundball, 34D)
Batting: RHB Will Thomas 0-0: Called Strike
0-1: Ball
1-1: Foul Ball, location: 2F
1-2: SINGLE (Flyball, 8LS)
Ismael Cabrera to second
Batting: SHB Mustapha Gonzales 0-0: Ball
1-0: Ball
2-0: Ball
3-0: Base on Balls
Ismael Cabrera to third
Will Thomas to second
Batting: LHB Chris West 0-0: Swinging Strike
0-1: Ball
1-1: Fielders Choice at 3rd, U5 (Groundball, 5L)
Ismael Cabrera scores
Mustapha Gonzales to second
Batting: RHB Anthony Johnston 0-0: Ball
1-0: Grounds into double play, 6-4-3 (Groundball, 6)
Top of the 2nd over - 1 run(s), 2 hit(s), 0 error(s), 1 left on base; Toledo 1 - Northern Virginia 0
BOTTOM OF THE 2ND
Northern Virginia Retrievers batting - Pitching for Toledo Titans : LHP Jeff Hale
Batting: RHB Aurelio Vázquez 0-0: Ball
1-0: Ball
2-0: Called Strike
2-1: Fly out, F8 (Flyball, 78D)
Batting: RHB Gil Moore 0-0: Called Strike
0-1: Ball
1-1: Ball
2-1: Foul Ball, location: 2F
2-2: Ground out 5-3 (Groundball, 56)
Batting: LHB Bartolo Benítez 0-0: Ball
1-0: Ball
2-0: Ground out 6-3 (Groundball, 6)
Bottom of the 2nd over - 0 run(s), 0 hit(s), 0 error(s), 0 left on base; Toledo 1 - Northern Virginia 0
TOP OF THE 3RD
Toledo Titans batting - Pitching for Northern Virginia Retrievers : RHP Henry Hall
Batting: LHB Tony Dyer 0-0: Ball
1-0: Called Strike
1-1: Called Strike
1-2: Strikes out swinging
Batting: LHB Roberto Rodríguez 0-0: Ball
1-0: Foul Ball, location: 2F
1-1: Ball
2-1: Called Strike
2-2: Ball
3-2: Base on Balls
Batting: LHB Yannick Hendriksen 0-0: Called Strike
0-1: Ball
1-1: Foul Ball, location: 2F
1-2: TRIPLE (Flyball, 89XD)
Roberto Rodríguez scores
Batting: RHB Kade Knowles 0-0: Called Strike
0-1: Ball
1-1: Fly out, F8 (Line Drive, 8LS)
Batting: LHB Ismael Cabrera 0-0: Swinging Strike
0-1: Ground out 2-3 (Groundball, 2R)
Top of the 3rd over - 1 run(s), 1 hit(s), 0 error(s), 1 left on base; Toledo 2 - Northern Virginia 0
BOTTOM OF THE 3RD
Northern Virginia Retrievers batting - Pitching for Toledo Titans : LHP Jeff Hale
Batting: RHB Eddie O'Bryan 0-0: Foul Ball, location: 2F
0-1: Swinging Strike
0-2: Ball
1-2: Ball
2-2: Ball
3-2: Base on Balls
Batting: RHB Brandon Reed 0-0: Called Strike
0-1: Ball
1-1: Called Strike
1-2: Fly out, F8 (Flyball, 78D)
Batting: LHB Wayne Akers 0-0: Ball
1-0: Fly out, F9 (Flyball, 9M)
Batting: RHB Matt Brown 0-0: Called Strike
0-1: Fly out, F7 (Flyball, 7LM)
Bottom of the 3rd over - 0 run(s), 0 hit(s), 0 error(s), 1 left on base; Toledo 2 - Northern Virginia 0
TOP OF THE 4TH
Toledo Titans batting - Pitching for Northern Virginia Retrievers : RHP Henry Hall
Batting: RHB Will Thomas 0-0: Ball
1-0: Foul Ball, location: 2F
1-1: Called Strike
1-2: Strikes out swinging
Batting: SHB Mustapha Gonzales 0-0: Called Strike
0-1: Ball
1-1: Ball
2-1: Fly out, F6 (Line Drive, 6)
Batting: LHB Chris West 0-0: Ball
1-0: Ball
2-0: Ball
3-0: Called Strike
3-1: Foul Ball, location: 2F
3-2: Foul Ball, location: 2F
3-2: Ground out 1-3 (Groundball, 13)
Top of the 4th over - 0 run(s), 0 hit(s), 0 error(s), 0 left on base; Toledo 2 - Northern Virginia 0
BOTTOM OF THE 4TH
Northern Virginia Retrievers batting - Pitching for Toledo Titans : LHP Jeff Hale
Batting: RHB Bob Heller 0-0: Ball
1-0: SINGLE (Groundball, 6MD)
Batting: SHB Ramiro Salazar 0-0: Swinging Strike
0-1: SINGLE (Groundball, 56D)
Bob Heller to second
Batting: RHB Aurelio Vázquez 0-0: Grounds into double play, 4-6-3 (Groundball, 4)
Bob Heller to third
Batting: RHB Gil Moore 0-0: Ball
1-0: Ball
2-0: Called Strike
2-1: Ball
3-1: Base on Balls
Batting: LHB Bartolo Benítez Single, Error in OF, E9, batter to second base
Bob Heller scores
Gil Moore to third
Batting: RHB Eddie O'Bryan 0-0: Ball
1-0: Ball
2-0: Called Strike
2-1: Ball
3-1: Swinging Strike
3-2: Foul Ball, location: 2F
3-2: Base on Balls
Batting: RHB Brandon Reed 0-0: Called Strike
0-1: Swinging Strike
0-2: Ground out 1-3 (Groundball, 25)
Bottom of the 4th over - 1 run(s), 3 hit(s), 1 error(s), 3 left on base; Toledo 2 - Northern Virginia 1
TOP OF THE 5TH
Toledo Titans batting - Pitching for Northern Virginia Retrievers : RHP Henry Hall
Batting: RHB Anthony Johnston 0-0: Ball
1-0: Foul Ball, location: 2F
1-1: Foul Ball, location: 2F
1-2: SINGLE (Groundball, 56D)
Batting: LHB Tony Dyer 0-0: Ball
1-0: Bunted foul
1-1: Ball
2-1: Sac Bunt - play at first, batter OUT! 1-4
Anthony Johnston to second
Batting: LHB Roberto Rodríguez 0-0: Ball
1-0: Ball
2-0: Ball
3-0: Called Strike
3-1: Base on Balls
Batting: LHB Yannick Hendriksen 0-0: Ball
1-0: Fly out, F6 (Popup, 6D)
Batting: RHB Kade Knowles 0-0: Ball
1-0: Foul Ball, location: 2F
1-1: Foul Ball, location: 2F
1-2: Foul Ball, location: 2F
1-2: SINGLE (Groundball, 56D)
Anthony Johnston to third
Roberto Rodríguez to second
Runner from 3rd tries for Home, SAFE, throw made at trailing runner, SAFE at third!
Pitching: LHP Stanley Harris
Batting: LHB Ismael Cabrera 0-0: Called Strike
0-1: Foul Ball, location: 2F
0-2: Ball
1-2: Ball
2-2: Fly out, F9 (Flyball, 89M)
Top of the 5th over - 1 run(s), 2 hit(s), 0 error(s), 2 left on base; Toledo 3 - Northern Virginia 1
BOTTOM OF THE 5TH
Northern Virginia Retrievers batting - Pitching for Toledo Titans : LHP Jeff Hale
Batting: LHB Wayne Akers 0-0: Swinging Strike
0-1: Ball
1-1: Ball
2-1: Ball
3-1: Ground out 1-3 (Groundball, 25)
Batting: RHB Matt Brown 0-0: Called Strike
0-1: Ball
1-1: Called Strike
1-2: Foul Ball, location: 2F
1-2: Ball
2-2: Ball
3-2: Fly out, F8 (Line Drive, 78D)
Batting: RHB Bob Heller 0-0: Fly out, F7 (Flyball, 7D)
Bottom of the 5th over - 0 run(s), 0 hit(s), 0 error(s), 0 left on base; Toledo 3 - Northern Virginia 1
TOP OF THE 6TH
Toledo Titans batting - Pitching for Northern Virginia Retrievers : LHP Stanley Harris
Batting: RHB Will Thomas 0-0: Ball
1-0: Foul Ball, location: 2F
1-1: Ground out 6-3 (Groundball, 6M)
Batting: SHB Mustapha Gonzales 0-0: Called Strike
0-1: Ball
1-1: Ball
2-1: Foul Ball, location: 2F
2-2: Foul Ball, location: 2F
2-2: Ball
3-2: Fly out, F5 (Popup, 7LSF)
Batting: LHB Chris West 0-0: Ground out 4-3 (Groundball, 4)
Top of the 6th over - 0 run(s), 0 hit(s), 0 error(s), 0 left on base; Toledo 3 - Northern Virginia 1
BOTTOM OF THE 6TH
Northern Virginia Retrievers batting - Pitching for Toledo Titans : LHP Jeff Hale
Batting: SHB Ramiro Salazar 0-0: Called Strike
0-1: Ball
1-1: Ball
2-1: Swinging Strike
2-2: Foul Ball, location: 2F
2-2: Ground out 6-3 (Groundball, 6)
Batting: RHB Aurelio Vázquez 0-0: DOUBLE (Line Drive, 7D)
Batting: RHB Gil Moore 0-0: Called Strike
0-1: Foul Ball, location: 2F
0-2: Ground out 3-1 (Groundball, 34)
Aurelio Vázquez to third
Batting: LHB Bartolo Benítez 0-0: Called Strike
0-1: Swinging Strike
0-2: DOUBLE (Flyball, 89D)
Aurelio Vázquez scores
Batting: RHB Eddie O'Bryan 0-0: Called Strike
0-1: Ball
1-1: Foul Ball, location: 2F
1-2: Strikes out looking
Bottom of the 6th over - 1 run(s), 2 hit(s), 0 error(s), 1 left on base; Toledo 3 - Northern Virginia 2
TOP OF THE 7TH
Toledo Titans batting - Pitching for Northern Virginia Retrievers : LHP Stanley Harris
Batting: RHB Anthony Johnston 0-0: Ball
1-0: Fly out, F3 (Popup, 3F)
Batting: LHB Tony Dyer 0-0: Swinging Strike
0-1: Ball
1-1: Ball
2-1: Swinging Strike
2-2: DOUBLE (Popup, 7LS)
Batting: LHB Roberto Rodríguez 0-0: Called Strike
0-1: Ball
1-1: Ball
2-1: Called Strike
2-2: Ball
3-2: SINGLE (Line Drive, 89S)
Tony Dyer to third
Batting: LHB Yannick Hendriksen 0-0: Called Strike
0-1: Called Strike
0-2: Foul Ball, location: 2F
0-2: Ball
1-2: Strikes out looking
Pinch Hitting: RHB Juan Ramos 0-0: Foul Ball, location: 2F
0-1: Swinging Strike
0-2: Ball
1-2: Ball
2-2: Ball
3-2: Base on Balls
Roberto Rodríguez to second
Batting: LHB Ismael Cabrera 0-0: Ball
1-0: Ground out 4-3 (Groundball, 4)
Top of the 7th over - 0 run(s), 2 hit(s), 0 error(s), 3 left on base; Toledo 3 - Northern Virginia 2
BOTTOM OF THE 7TH
Northern Virginia Retrievers batting - Pitching for Toledo Titans : LHP Jeff Hale
Now at 3B: Charles Jordan
Batting: RHB Brandon Reed 0-0: Ball
1-0: Called Strike
1-1: Foul Ball, location: 2F
1-2: SINGLE (Line Drive, 6D)
Batting: LHB Wayne Akers 0-0: Sac Bunt - play at first, batter OUT! 2-4
Brandon Reed to second
Batting: RHB Matt Brown 0-0: Ball
1-0: Ball
2-0: Called Strike
2-1: Called Strike
2-2: DOUBLE (Line Drive, 8RXD)
Brandon Reed scores
Batting: RHB Bob Heller 0-0: Intentional Walk
Batting: SHB Ramiro Salazar 0-0: Fly out, F9 (Flyball, 9S)
Batting: RHB Aurelio Vázquez 0-0: Ball
1-0: Fly out, F8 (Flyball, 8RD)
Bottom of the 7th over - 1 run(s), 2 hit(s), 0 error(s), 2 left on base; Toledo 3 - Northern Virginia 3
TOP OF THE 8TH
Toledo Titans batting - Pitching for Northern Virginia Retrievers : LHP Stanley Harris
Batting: RHB Will Thomas 0-0: Foul Ball, location: 2F
0-1: Ball
1-1: Called Strike
1-2: Foul Ball, location: 2F
1-2: Ball
2-2: Strikes out looking
Batting: SHB Mustapha Gonzales 0-0: Swinging Strike
0-1: Ball
1-1: Ball
2-1: Ball
3-1: Ground out 6-3 (Groundball, 6)
Pitching: LHP Joe Kehoe
Batting: LHB Chris West 0-0: Ground out 6-3 (Groundball, 6)
Top of the 8th over - 0 run(s), 0 hit(s), 0 error(s), 0 left on base; Toledo 3 - Northern Virginia 3
BOTTOM OF THE 8TH
Northern Virginia Retrievers batting - Pitching for Toledo Titans : LHP Jeff Hale
Batting: RHB Gil Moore 0-0: SINGLE (Line Drive, 89S)
Batting: LHB Bartolo Benítez 0-0: Called Strike
0-1: Ball
1-1: Ball
2-1: Ball
3-1: Foul Ball, location: 2F
3-2: Base on Balls
Gil Moore to second
Pitching: RHP Burt Booth
Pinch Hitting: LHB Marlon Randall 0-0: Sac Bunt - play at first, batter OUT! 1-4
Gil Moore to third
Bartolo Benítez to second
Pinch Hitting: LHB Munemori Ohara 0-0: Ball
1-0: Ball
2-0: Called Strike
2-1: Ball
3-1: Base on Balls
Batting: LHB Wayne Akers 0-0: Ball
1-0: Foul Ball, location: 2F
1-1: Foul Ball, location: 2F
1-2: Fly out, F3 (Line Drive, 3)
Batting: RHB Matt Brown 0-0: Ball
1-0: Foul Ball, location: 2F
1-1: Ball
2-1: Ball
3-1: Foul Ball, location: 2F
3-2: Foul Ball, location: 2F
3-2: Foul Ball, location: 2F
3-2: Foul Ball, location: 2F
3-2: Base on Balls
Gil Moore scores
Bartolo Benítez to third
Munemori Ohara to second
Batting: RHB Bob Heller 0-0: Called Strike
0-1: Foul Ball, location: 2F
0-2: Strikes out swinging
Bottom of the 8th over - 1 run(s), 1 hit(s), 0 error(s), 3 left on base; Toledo 3 - Northern Virginia 4
TOP OF THE 9TH
Toledo Titans batting - Pitching for Northern Virginia Retrievers : LHP Joe Kehoe
Pitching: RHP Woody Cook
Now at SS: Gustavo Fuentes
Now in CF: Munemori Ohara
Batting: RHB Anthony Johnston 0-0: Ball
1-0: Called Strike
1-1: Swinging Strike
1-2: Strikes out swinging
Batting: LHB Tony Dyer 0-0: Ground out 4-3 (Groundball, 4M)
Batting: LHB Roberto Rodríguez 0-0: Ground out 1-3 (Groundball, 34S)
Top of the 9th over - 0 run(s), 0 hit(s), 0 error(s), 0 left on base; Toledo 3 - Northern Virginia 4
This league is powered by Out of the Park Baseball, the baseball management simulation game for PC, Mac and Linux
Friday, April 15th, 2016 - OOTP Baseball 16.9 Build 39